 Dungeon Crawl Stone Soup version 0.30.0-5-g1a98f26d00 (webtiles) character file.

Game seed: 13785550354568474916

46 Jarnaxa the Cudgeller (level 3, -1/37 HPs)
             Began as an Ogre Gladiator on May 11, 2023.
             Slain by a hobgoblin (3 damage)
             ... on level 2 of the Dungeon.
             The game lasted 00:02:01 (1422 turns).

Jarnaxa the Cudgeller (Ogre Gladiator)              Turns: 1422, Time: 00:02:03

Health: -1/37      AC:  3    Str: 20    XL:     3   Next: 68%
Magic:  3/3        EV: 10    Int:  9    God:
Gold:   58         SH:  0    Dex: 10    Spells: 2/2 levels left

rFire   . . .        a - +0 flail
rCold   . . .        (no shield)
rNeg    . . .        b - +0 robe
rPois   .            c - +0 hat
rElec   .            (no cloak)
rCorr   .            (gloves unavailable)
SInv    .            (boots unavailable)
Will    .....        (no amulet)
Stlth   +            (no ring)
HPRegen 0.26/turn    (no ring)
MPRegen 0.08/turn

%: no passive effects
@: no status effects
A: large, unfitting armour, tough skin 1
a: no special abilities


You were on level 2 of the Dungeon.
You visited 1 branch of the dungeon, and saw 2 of its levels.

You collected 58 gold pieces.

Inventory:

Hand Weapons
 a - a +0 flail (weapon)
Missiles
 d - 3 throwing nets (quivered)
 e - a large rock
Armour
 b - a +0 robe (worn)
 c - a +0 hat (worn)
Jewellery
 h - a ring of positive energy
Scrolls
 f - a scroll of silence {unknown}
 g - 2 scrolls of vulnerability
Potions
 i - a potion of curing {unknown}
 j - 2 potions of brilliance
 k - a potion of might {unknown}
 l - a potion of attraction {unknown}


   Skills:
 + Level 3.0 Fighting
 + Level 3.4 Maces & Flails
 + Level 2.1 Throwing
 + Level 3.2 Dodging


You had 2 spell levels left.
You didn't know any spells.
Your spell library contained the following spells:

 Spells                   Type           Power      Damage    Failure   Level
 Kiss of Death            Conj/Necr      0%         2d5       38%         1
 Confusing Touch          Hex            0%         N/A       77%         3
 Dazzling Flash           Conj/Hex       0%         N/A       77%         3
 Volatile Blastmotes      Fire/Tloc      0%         2d10      77%         3
 Dispel Undead            Necr           0%         3d6       99%         4
 Iskenderun's Mystic Bla  Conj/Tloc      0%         2d3       99%         4
 Starburst                Conj/Fire      0%         6d3       100%        6


Dungeon Overview and Level Annotations

Branches:
Dungeon (2/15)

Altars:

Annotations:
D:2 Sigmund


Innate Abilities, Weirdness & Mutations

You are too large for most types of armour.
You have tough skin. (AC +1)


Message History

No target in view!
You pick up a book of Touch and begin reading...
You add the spells Kiss of Death, Confusing Touch and Dispel Undead to your library.
Sigmund the Dreaded comes into view.
He is wielding a +0 scythe and carrying a wand of light (10).
Sigmund shouts!
You hear a shout!
Sigmund flickers, as though insubstantial.
Sigmund is nearby!
Sigmund is nearby!
A hobgoblin comes into view.
Sigmund casts a spell at you. The magic dart hits you.
Sigmund zaps a wand.
The bolt of light misses you.
You see here a scroll of identify.
Sigmund zaps a wand.
The bolt of light misses you.
You hit Sigmund.
Sigmund is lightly wounded.
The hobgoblin hits you.
Sigmund zaps a wand.
The bolt of light hits you!
You are confused.
The hobgoblin attacks as you move away! The hobgoblin closely misses you.
Sigmund hits you with a +0 scythe.
You completely miss Sigmund.
Sigmund is lightly wounded.
You feel less confused. The hobgoblin barely misses you.
Sigmund gestures at you while chanting. The magic dart hits you.
* * * LOW HITPOINT WARNING * * *
You barely miss Sigmund.
Sigmund is lightly wounded.
The hobgoblin hits you but does no damage.
Sigmund mumbles some strange words.
Sigmund flickers and vanishes!
Deactivating autopickup; reactivate with Ctrl-A.
You barely miss something. The hobgoblin barely misses you.
You hear a zap.
A bolt of light appears from out of thin air!
The bolt of light hits you!
* * * LOW HITPOINT WARNING * * *
The hobgoblin hits you.
You die...

.#.#......#####..#
#.
..................#
#.
#.#......#.#.....##
#.
#.#........).###.##
#.
....................
. #..#.#.#.#####.###
##.#......#.#####.#
......{g?..........
##.#..#@#.#.#####..
#. #.#.#.# # #.#.#.#
#...#.# # #####.# #
..# # #.# # o...
##### o.o.


You could see a hobgoblin.

Vanquished Creatures
  2 dart slugs (D:1)
  3 orcs (D:2)
  6 bats
  An endoplasm (D:1)
  2 giant cockroaches (D:1)
  4 goblins
  2 hobgoblins (D:1)
  A jackal (D:2)
  2 quokkas (D:1)
  3 ball pythons
  5 kobolds
  6 rats
37 creatures vanquished.

Notes
Turn   | Place    | Note
-------+----------+-------------------------------------------
     0 | D:1      | Jarnaxa the Ogre Gladiator began the quest for the Orb.
     0 | D:1      | Reached XP level 1. HP: 22/22 MP: 1/1
    76 | D:1      | Reached XP level 2. HP: 29/29 MP: 2/2
   448 | D:1      | Reached XP level 3. HP: 36/36 MP: 3/3
  1413 | D:2      | Noticed Sigmund
  1422 | D:2      | Slain by a hobgoblin

Illustrated notes

Levels and vault maps discovered:
D:1:      heliophobic_arrival_ceremonial_halls, layout_basic
D:2:      layout_basic, minmay_heptomino_o4, uniq_sigmund

Skill      XL: |  1  2  3 |
---------------+----------+-----
Dodging        | 3 |  3.2
Maces & Flails | 3 |  3.4
Fighting       | 3 |  3.0
Throwing       | |  2.1

Action                     || total
---------------------------++-------
  Melee: Flail             ||   103
         Punch             ||     1
    Use: Scroll            ||     5
 Armour: Robe              ||    54
  Dodge: Dodged            ||    68
